 Dungeon Crawl Stone Soup version 0.29.1-2-gbd0b4ee654 (webtiles) character file.

Game seed: 9553512502937783102

176 Arcadio the Trooper (level 5, -12/41 (43) HPs)
             Began as a Formicid Abyssal Knight on Nov 16, 2022.
             Was a Believer of Lugonu.
             Killed by divine providence
             ... invoked by an orc priest
              (14 damage)
             ... on level 3 of the Dungeon.
             The game lasted 00:18:27 (3833 turns).

Arcadio the Trooper (Formicid Abyssal Knight)       Turns: 3833, Time: 00:18:28

HP:   -12/41 (43)   AC:  3    Str: 20    XL:     5   Next: 86%
MP:   6/6           EV: 11    Int:  9    God:    Lugonu [**....]
Gold: 185           SH:  0    Dex: 14    Spells: 4/4 levels left

rFire   . . .      SeeInvis +   a - +1 spear
rCold   . . .      Faith    .   (no shield)
rNeg    . . .      Spirit   .   b - +0 leather armour
rPois   .          Reflect  .   (helmet unavailable)
rElec   .          Harm     .   (no cloak)
rCorr   .          Rampage  .   (no gloves)
Will    .....                   (no boots)
Stlth   +.........              (no amulet)
HPRegen 0.13/turn               (no ring)
MPRegen 0.10/turn               (no ring)

@: lightly drained
A: permanent stasis, dig shafts and tunnels, antennae 3, four strong arms
a: Dig, Shaft Self, Renounce Religion, Depart the Abyss, Bend Space


You were on level 3 of the Dungeon.
You worshipped Lugonu.
Lugonu was pleased with you.
You visited 1 branch of the dungeon, and saw 6 of its levels.
You visited the Abyss 1 time.

You collected 185 gold pieces.

Inventory:

Hand Weapons
 a - a +1 spear (weapon)
Armour
 b - a +0 leather armour (worn)
Wands
 q - a wand of paralysis (4)
Scrolls
 c - a scroll of torment {unknown}
 d - a scroll of identify {unknown}
 f - a scroll of enchant weapon {unknown}
 g - a scroll of enchant armour {unknown}
 h - a scroll of silence {unknown}
 n - a scroll of amnesia {unknown}
 p - a scroll of fog
 r - a scroll of summoning {unknown}
Potions
 e - a potion of lignification {unknown}
 i - a potion of curing {unknown}
 j - a potion of might {unknown}
 k - a potion of ambrosia {unknown}
 l - a potion of haste {unknown}
 m - a potion of resistance {unknown}
 o - 3 potions of flight {unknown}


   Skills:
 + Level 4.5 Fighting
 + Level 3.5 Polearms
 + Level 3.8 Armour
 - Level 1.1 Dodging
 - Level 2.4 Invocations


You had 4 spell levels left.
You didn't know any spells.
Your spell library contained the following spells:

 Spells                   Type           Power      Damage    Failure   Level
 Sublimation of Blood     Necr           0%         N/A       56%         2
 Wereblood                Tmut           0%         N/A       56%         2
 Summon Hydra             Summ           0%         N/A       100%        7


Dungeon Overview and Level Annotations

Branches:
Dungeon (6/15) Zot: 26365
 Temple: D:4-7

Altars:
Xom

Shops:
D:2 [   D:3 [

Annotations:
D:3 1 runed translucent door
D:4 3 runed translucent doors, Dowan; Kold's ghost, novice DsCA


Innate Abilities, Weirdness & Mutations

You cannot be hasted, slowed, berserked, paralysed or teleported.
You can dig through walls and to a lower floor.
You have a pair of large antennae on your head. (SInv)
Your four strong arms can wield two-handed weapons with a shield.


Message History

Aim: an orc priest, wielding a +0 whip and wearing a +0 chain mail (about 28% to evade your +1 spear)
You reach to attack!
You barely miss the orc priest.
The orc priest invokes the aid of Beogh against you.
Beogh smites you!
Reach: a) +1 spear
Press: ? - help, Dir - move target, f/p - orc priest
Aim: an orc priest, wielding a +0 whip and wearing a +0 chain mail (about 28% to evade your +1 spear)
You reach to attack!
You hit the orc priest.
The orc priest is lightly wounded.
The orc priest invokes the aid of Beogh against you.
Beogh smites you!
Reach: a) +1 spear
Press: ? - help, Dir - move target, f/p - orc priest
Aim: an orc priest, wielding a +0 whip and wearing a +0 chain mail (lightly wounded, about 28% to evade your +1 spear)
You reach to attack!
You hit the orc priest.
The orc priest is lightly wounded.
The orc priest invokes the aid of Beogh against you.
Beogh smites you!
Reach: a) +1 spear
Press: ? - help, Dir - move target, f/p - orc priest
Aim: an orc priest, wielding a +0 whip and wearing a +0 chain mail (lightly wounded, about 28% to evade your +1 spear)
You reach to attack!
You hit the orc priest but do no damage.
The orc priest is lightly wounded.
The orc priest calls down the wrath of Beogh upon you.
Beogh smites you!
* * * LOW HITPOINT WARNING * * *
Unknown command.
Okay, then.
Found a trident.
An orc comes into view. It is wielding a +0 dagger.
You see here a +0 club.
You extend your mandibles.
You dig through the rock wall.
You feel drained.
You retract your mandibles.
Are you sure you want to shaft yourself?
You begin to dig a shaft.
You continue digging a shaft.
The orc priest calls down the wrath of Beogh upon you.
Beogh smites you!
You die...

#####...# ### ###
......)##.... .. {
#.........#.. #.
#............ ##.
............ ##.. {
#..o....... ..###... {
#.#........ ........
#..@..# .###.#.
#o##)## .####.#.
#.#<...# ........
#.o...# #.......
#.###.?# #..##... #.
#..# #..##.##
#.###..###### #..##.##
#...........###..##.#.
#####..†.##......##.>.


You could see an orc priest and an orc.

Vanquished Creatures
  A jelly (D:5)
  Natasha (thrice) (D:2)
  3 adders
  A dart slug (D:1)
  3 bats
  An endoplasm (D:2)
  3 giant cockroaches
  4 hobgoblins
  4 jackals (D:1)
  4 ball pythons
  3 frilled lizards (D:1)
  8 goblins
  3 kobolds
  10 rats
51 creatures vanquished.

Notes
Turn   | Place    | Note
-------+----------+-------------------------------------------
     0 | Abyss:1  | Arcadio the Formicid Abyssal Knight began the quest for the
                  | Orb.
     0 | Abyss:1  | Reached XP level 1. HP: 18/18 MP: 2/2
     3 | Abyss:1  | Found a corrupted altar of Lugonu.
    59 | Abyss:1  | Noticed a flying skull
    65 | D:1      | Escaped the Abyss
   159 | D:1      | Reached ** piety under Lugonu
   160 | D:1      | Reached skill level 1 in Dodging
   168 | D:1      | Reached XP level 2. HP: 21/24 MP: 3/3
   788 | D:1      | Reached XP level 3. HP: 29/29 MP: 4/4
  1213 | D:2      | Found Joyrisef's Antique Armour Shop.
  1315 | D:2      | Noticed Natasha
  1325 | D:2      | Killed Natasha
  1326 | D:2      | Reached XP level 4. HP: 30/37 MP: 5/5
  1460 | D:2      | Found a shimmering altar of Xom.
  1623 | D:2      | Found a faded altar of an unknown god.
  1651 | D:2      | Reached skill level 4 in Fighting
  2104 | D:2      | Noticed Natasha
  2114 | D:2      | Killed Natasha
  2201 | D:2      | Noticed Natasha
  2365 | D:2      | You fall into a shaft and drop 2 floors!
  2648 | D:4      | Reached XP level 5. HP: 40/42 MP: 6/6
  2663 | D:4      | Noticed Dowan
  2797 | D:4      | Noticed a phantom
  2811 | D:4      | Found a runed translucent gate.
  2811 | D:4      | Found a runed translucent gate.
  2811 | D:4      | Found a runed translucent gate.
  2813 | D:4      | Noticed Kold's ghost (novice DsCA)
  2826 | D:4      | You fall into a shaft and drop 2 floors!
  2920 | D:5      | Entered Level 5 of the Dungeon
  3322 | D:2      | Killed Natasha
  3754 | D:3      | Found Guashriqe's Armour Emporium.
  3793 | D:3      | Noticed a human
  3799 | D:3      | Found a runed translucent door.
  3827 | D:3      | HP: 1/43 [orc priest/divine providence (14)]
  3833 | D:3      | Killed from afar by an orc priest

Illustrated notes

Levels and vault maps discovered:
D:1:      lightli_arrival_windingriver, layout_loops_corners,
          nicolae_eternal_life
D:2:      layout_loops_ring, hellmonk_ecumenical_altar_run_dry, serial_shops,
          shop, basic_altar, chequers_serial_rivers_large_b, uniq_natasha
D:3:      layout_loops_ring, dk_yredelemnul_ordeal, serial_shops,
          nicolae_square_shop, ebering_dispersal_statue_hall,
          minmay_misc_feat_iff, uniq_ijyb, uniq_grinder
D:4:      layout_basic, ashenzari_altar_1, ebering_ghost_rock_garden,
          uniq_robin, uniq_eustachio, uniq_duvessa
D:5:      layout_loops_ring, kennysheep_mini_moat, makhleb_altar_promises_db,
          minmay_temple_entry_statues_fountains, ebering_ghost_reflecting_pool
D:6:      layout_loops_ring, minmay_starry_boxes

Skill      XL: |  1  2  3  4 |
---------------+-------------+-----
Dodging        | 1 |  1.1
Armour         | 3 |  3.8
Fighting       | 4 |  4.5
Polearms       | 3 |  3.5
Invocations    | |  2.4

Action                   |  1- 3 |  4- 6 || total
-------------------------+-------+-------++-------
Melee: Spear             |    72 |   126 ||   198
Invok: Depart the Abyss  |     1 |       ||     1
       Bend Space        |       |     3 ||     3
 Abil: Shaft Self        |       |     3 ||     3
       Dig               |       |     1 ||     1
  Use: Potion            |       |     2 ||     2
       Scroll            |       |     1 ||     1
 Stab: Sleeping          |     2 |     3 ||     5
Armor: Leather armour    |    16 |    23 ||    39
Dodge: Dodged            |    26 |    69 ||    95
